 Dungeon Crawl Stone Soup version 0.22.1-2-g9c5b331 (webtiles) character file.

51 havocjr2 the Firebug (level 3, -2/26 HPs)
             Began as a Hill Orc Fire Elementalist on Dec 20, 2018.
             Succumbed to Robin's poison
             ... on level 1 of the Dungeon on Dec 21, 2018.
             The game lasted 00:09:59 (2059 turns).

havocjr2 the Firebug (Hill Orc Fire Elementalist)   Turns: 2059, Time: 00:10:00

Health: -2/26      AC:  2    Str: 10    XL:     3   Next: 83%
Magic:  3/6        EV: 12    Int: 16    God:
Gold:   45         SH:  0    Dex: 11    Spells: 3/6 levels left

rFire    . . .     SeeInvis .   b - +1 club
rCold    . . .     Gourm    .   (no shield)
rNeg     . . .     Faith    .   a - +0 robe
rPois    .         Spirit   .   (no helmet)
rElec    .         Reflect  .   (no cloak)
rCorr    .         Harm     .   (no gloves)
MR       .....                  (no boots)
Stlth    ++........             (no amulet)
HPRegen  0.08/turn              (no ring)
MPRegen  0.10/turn              (no ring)

@: lethally poisoned (-2 -> -25), very slightly contaminated
A: no striking features
a: no special abilities


You were on level 1 of the Dungeon.
You were very hungry.

You visited 1 branch of the dungeon, and saw 2 of its levels.

You collected 45 gold pieces.

Inventory:

Hand Weapons
 b - a +1 club (weapon)
Armour
 a - a +0 robe (worn)
Potions
 f - a potion of might {unknown}
Comestibles
 c - a ration


   Skills:
 - Level 1.5 Dodging
 - Level 1.5 Stealth
 + Level 2.1 Spellcasting
 + Level 2.2 Conjurations
 + Level 4.0 Fire Magic


You had 3 spell levels left.
You knew the following spells:

 Your Spells              Type           Power        Failure   Level  Hunger
a - Flame Tongue          Conj/Fire      ##...        6%          1    #......
b - Throw Flame           Conj/Fire      ##....       9%          2    ###....

Your spell library contained the following spells:

 Spells                   Type           Power        Failure   Level  Hunger
 Conjure Flame            Conj/Fire      ##......     17%         3    ###....
 Inner Flame              Hex/Fire       #.......     26%         3    ###....
 Sticky Flame             Conj/Fire      ##......     50%         4    #####..
 Fireball                 Conj/Fire      ##........   85%         5    ######.


Dungeon Overview and Level Annotations

Branches:
Dungeon (2/15)

Altars:

Annotations:
D:1 Robin
D:2 Terence


Message History

Robin is heavily wounded.
You feel sick. Robin barely misses you. Robin hits you but does no damage.
You are more poisoned.
You hit Robin.
Robin is severely wounded.
* * * LOW HITPOINT WARNING * * *
You feel very sick. Robin misses you.
You barely miss Robin.
Robin is severely wounded.
* * * LOW HITPOINT WARNING * * *
You feel very sick. Robin completely misses you.
You hit Robin.
Robin is almost dead.
* * * LOW HITPOINT WARNING * * *
You feel sick. Robin barely misses you. x2
You hit Robin but do no damage.
Robin is almost dead.
You die...

#.#...####.### #..# #...#<#.#.
......# #.# #.#####.#.###.##
..#.#.# #.# #...#...#...#.##
###.#.# ##+## ###.#.#.###.#### #
#.#.###...## #...#...#.....
###.#.##.....## #######)#####.
......#.......## ########.# #.
..####.........####...#.#..#####.
.....'.........g@................
..####.........####...#.########.
.## ##.......## ##.##.# #. ##
##.....## ####.# ##. ##...## ##.#
#.. ##'## #..# #.# #.# #.## #.#
#.# #.# #.# ### ##(######## #.#
#.#


You could see Robin.

Vanquished Creatures
  6 dart slugs (D:1)
  2 leopard geckos (D:1)
  A ball python (D:1)
  5 goblins
  4 hobgoblins
  4 jackals (D:1)
  4 kobolds (D:1)
  2 bats (D:1)
  2 frilled lizards (D:1)
  5 rats (D:1)
35 creatures vanquished.

Notes
Turn   | Place    | Note
-------+----------+-------------------------------------------
     0 | D:1      | havocjr2 the Hill Orc Fire Elementalist began the quest for
                  | the Orb.
     0 | D:1      | Reached XP level 1. HP: 14/14 MP: 3/3
   485 | D:1      | Reached XP level 2. HP: 20/20 MP: 1/4
   489 | D:1      | Learned a level 2 spell: Throw Flame
   777 | D:1      | Reached XP level 3. HP: 26/26 MP: 3/6
  1910 | D:2      | Noticed Terence
  1936 | D:2      | Noticed Robin
  1998 | D:2      | Reached skill level 4 in Fire Magic
  2058 | D:1      | HP: 1/26 [poisoned by Robin]
  2059 | D:1      | Succumbed to Robin's poison

Skill      XL: |  1  2  3 |
---------------+----------+-----
Spellcasting   | 2 |  2.1
Conjurations   | 2 |  2.2
Fire Magic     | 4 |  4.0
Dodging        | |  1.5
Stealth        | |  1.5

Action                   || total
-------------------------++-------
Melee: Unarmed           ||     8
       Club              ||    23
 Cast: Flame Tongue      ||    56
       Throw Flame       ||    10
  Use: Scroll            ||     1
  Eat: Chunk             ||     4
Armor: Robe              ||     9
Dodge: Dodged            ||    45
